Map: Lost and Found LE

Players

soul

  • Race: Terran Terran
  • Spawn Location: 1:00

Has - Winner!

  • Race: Protoss Protoss
  • League: Master
  • Spawn Location: 7:00

Event: WCS Austin 2018

VOD

Have the link to the VOD?

Description

Time

  • Played on: June 1, 2018, 10:14 p.m.
  • Length: 5:11

All games in this series

Show
View Real Time Build Order
Export as new Build Order

soul Terran 

Build Orders: Cyclone Opening 

Get SALT Encoding   

  12  0:00  SCV  
  13  0:12  SCV  
  14  0:18  Supply Depot  
  14  0:25  SCV  
  15  0:30  Refinery  
  15  0:39  SCV  
  16  0:44  Barracks  
  16  0:51  SCV  
  17  1:03  SCV  
  18  1:17  SCV  
  20  1:32  Reaper  
  20  1:33  Orbital Command  
  20  1:39  Refinery  
  20  1:48  Command Center  
  20  1:58  SCV  
  21  2:03  Factory  
  21  2:07  Barracks Reactor  
  21  2:11  SCV  
  22  2:17  Supply Depot  
  22  2:24  SCV  
  23  2:38  SCV  
  23  2:39  Bunker  
  24  2:50  SCV  
  25  2:53  Cyclone  
  25  2:57  Cyclone  
  32  3:10  Orbital Command, Barracks Tech Lab  
  31  3:14  SCV  
  31  3:23  Barracks  
  31  3:26  SCV  
  32  3:34  Supply Depot  
  32  3:38  Marine x2  
  32  3:39  Siege Tank  
  37  3:48  Supply Depot  
  36  3:55  Marine  
  37  4:10  Marine  
  37  4:17  Siege Tank  
  37  4:23  Marine  
  41  4:28  Marine  
  37  4:41  Marine  
  30  4:46  Marine  
Show
View Real Time Build Order
Export as new Build Order

Has Protoss - Winner!

Build Orders:  

Get SALT Encoding   

  12  0:00  Probe  
  13  0:12  Probe  
  14  0:17  Pylon  
  14  0:24  Probe  
  15  0:37  Gateway, Probe  
  16  0:49  Probe  
  17  0:50  Assimilator  
  17  1:01  Probe  
  17  1:02  Assimilator  
  18  1:13  Probe  
  19  1:22  Pylon  
  19  1:24  Cybernetics Core  
  19  1:25  Probe  
  20  1:37  Probe  
  21  1:49  Probe  
  22  2:00  Robotics Facility  
  22  2:04  Stalker, Robotics Facility  
  24  2:16  Probe  
  25  2:32  Pylon  
  24  2:37  Immortal  
  24  2:41  Stalker  
  26  2:49  Warp Prism  
  32  3:06  Immortal  
  35  3:24  Pylon  
  35  3:40  Immortal  
  39  4:04  Pylon  
  39  4:08  Immortal  
  43  4:14  Shield Battery  
  43  4:24  Shield Battery  
  43  4:25  Shield Battery  
Tags
 
Add a new tag
Caveats
  • Supply blocks, unpowered buildings, or Contaminate may cause inaccurate times.
  • Supply counts are checked every 10 seconds.